 Dungeon Crawl Stone Soup version 0.26.0-10-g1f06aea511 (webtiles) character file.

Game seed: 3022445383583298565

230 Borgoz the Slasher (level 6, -1/51 HPs)
             Began as a Ghoul Gladiator on Jan 15, 2021.
             Slain by an adder (4 damage)
             ... on level 4 of the Dungeon.
             The game lasted 00:02:00 (2399 turns).

Borgoz the Slasher (Ghoul Gladiator)                Turns: 2399, Time: 00:02:01

Health: -1/51      AC:  5    Str: 17 (18) XL:     6   Next: 3%
Magic:  5/5        EV: 13    Int:  3      God:
Gold:   100        SH:  0    Dex: 12      Spells: 5/5 levels left

rFire    . . .     SeeInvis .   a - +0 long sword
rCold    + . .     Faith    .   (no shield)
rNeg     + + +     Spirit   .   b - +0 leather armour
rPois    ∞         Reflect  .   c - +0 helmet
rElec    .         Harm     .   (no cloak)
rCorr    .         Rampage  .   k - +0 pair of gloves
Will     .....                  (no boots)
Stlth    +.........             (no amulet)
HPRegen  0.00/turn              (no ring)
MPRegen  0.09/turn              (no ring)

@: no status effects
A: claws 1, cold resistance 1, negative energy resistance 3, inhibited
regeneration, torment resistance, unbreathing
a: no special abilities


You were on level 4 of the Dungeon.
You visited 1 branch of the dungeon, and saw 4 of its levels.

You collected 100 gold pieces.

Inventory:

Hand Weapons
 a - a +0 long sword (weapon)
Missiles
 d - 3 throwing nets (quivered)
Armour
 b - a +0 leather armour (worn)
 c - a +0 helmet (worn)
 k - a +0 pair of gloves (worn)
Jewellery
 e - an uncursed amulet of faith {unknown}


   Skills:
 + Level 3.3 Fighting
 * Level 4.1 Long Blades
 - Level 1.7 Throwing
 * Level 2.7 Armour
 + Level 3.3 Dodging


You had 5 spell levels left.
You didn't know any spells.
Your spell library was empty.

Dungeon Overview and Level Annotations

Branches:
Dungeon (4/15)
 Temple: D:4-7

Altars:
Qazlal

Annotations:
D:4 3 runed translucent doors, Ijyb; MisterOstroum's ghost, weakling TrWr; Raspi's ghost, weakling GrDe; emiel's ghost, amateur DsWn; ythm's ghost, amateur TrMo


Innate Abilities, Weirdness & Mutations

You thrive by killing the living.
You are immune to poison.
You have sharp fingernails.
Your flesh is cold resistant. (rC+)
You are immune to negative energy. (rN+++)
You do not regenerate when monsters are visible.
You are immune to unholy pain and torment.
You can survive without breathing.


Message History

The orc priest moves out of view.
As you read the scroll labelled PAEBLUL KIST, it crumbles to dust.
You hear a loud clanging noise!
It was a scroll of noise.
You hear an angry hiss.
You hear a shout! x2
An adder comes into view.
A worm comes into view.
An orc comes into view. It is wielding a +0 hand axe.
An orc comes into view.
The orc shouts!
An orc comes into view.
The orc priest barely misses you.
Ijyb the Twisted Goblin comes into view.
She is wielding a +0 club, wearing a +2 leather armour of fire resistance and carrying a wand of iceblast (11).
You slash the orc priest!
The orc priest is heavily wounded.
The orc barely misses you.
You riposte.
You barely miss the orc.
The orc priest invokes the aid of Beogh against you.
Beogh smites you!
* * * LOW HITPOINT WARNING * * *
The adder bites you.
You die...

............#
#...# w.#.#
#<# ....##
#.# ... . #.#
#.#.#
#.###.#.#
#.......#
#####S###
#.@# #oo#
#oo# #o.#
#.g# #...
#.## ..


You could see Ijyb, a worm, 2 orc priests, an adder and 3 orcs.

Vanquished Creatures
  Sigmund (D:2)
  2 adders (D:2)
  A gnoll (D:3)
  A worm (D:2)
  4 dart slugs
  2 leopard geckos
  2 giant cockroaches (D:2)
  3 goblins
  6 hobgoblins
  2 quokkas (D:2)
  6 bats
  5 frilled lizards
  5 kobolds
  3 rats
43 creatures vanquished.

Notes
Turn   | Place    | Note
-------+----------+-------------------------------------------
     0 | D:1      | Borgoz the Ghoul Gladiator began the quest for the Orb.
     0 | D:1      | Reached XP level 1. HP: 17/17 MP: 0/0
   230 | D:1      | Reached XP level 2. HP: 18/24 MP: 1/1
   538 | D:1      | Reached skill level 3 in Long Blades
   538 | D:1      | Reached skill level 1 in Armour
   751 | D:1      | Reached XP level 3. HP: 30/30 MP: 2/2
   865 | D:2      | Found a stormy altar of Qazlal.
  1357 | D:2      | Reached XP level 4. HP: 32/37 MP: 3/3
  1401 | D:2      | Noticed Sigmund
  1440 | D:2      | Killed Sigmund
  1441 | D:2      | Reached skill level 4 in Long Blades
  1441 | D:2      | Reached XP level 5. HP: 6/45 MP: 4/4
  2371 | D:3      | Reached XP level 6. HP: 13/51 MP: 5/5
  2389 | D:4      | Found a runed translucent gate.
  2389 | D:4      | Found a runed translucent gate.
  2389 | D:4      | Found a runed translucent gate.
  2389 | D:4      | Noticed Raspi's ghost (weakling GrDe)
  2389 | D:4      | Noticed emiel's ghost (amateur DsWn)
  2389 | D:4      | Noticed MisterOstroum's ghost (weakling TrWr)
  2389 | D:4      | Noticed ythm's ghost (amateur TrMo)
  2398 | D:4      | Noticed Ijyb
  2399 | D:4      | Slain by an adder

Illustrated notes

Levels and vault maps discovered:
D:1:      scummos_arrival_hexagon, layout_loops_ring
D:2:      layout_basic, grunt_qazlal_sundering, minmay_pentomino_p2,
          uniq_sigmund
D:3:      layout_loops_ring, trog_wizard, uniq_natasha
D:4:      layout_loops_ring, minmay_temple_entry_fiery,
          gammafunk_ghost_cemetery, portal_sewer_entry_a, uniq_ijyb,
          uniq_menkaure

Skill      XL: |  1  2  3  4 |
---------------+-------------+-----
Long Blades    | 3 4 |  4.1
Armour         | 1 2 |  2.7
Dodging        | 3 |  3.3
Fighting       | 3 |  3.3
Throwing       | |  1.7

Action                   |  1- 3 |  4- 6 || total
-------------------------+-------+-------++-------
Melee: Long sword        |    97 |    76 ||   173
Throw: Throwing net      |       |     1 ||     1
  Use: Potion            |       |     5 ||     5
       Scroll            |       |     1 ||     1
 Stab: Held in net/web   |       |     2 ||     2
Armor: Leather armour    |    29 |    11 ||    40
Dodge: Dodged            |    69 |    43 ||   112
       Rpst.: Long sword |    18 |     7 ||    25
